 Dungeon Crawl Stone Soup version 0.29-a0-617-g7a6b98fccd (webtiles) character file.

Game seed: 3744201052711844460

105 croobank the Insei (level 5, -3/38 HPs)
             Began as a Human Transmuter on June 17, 2022.
             Killed from afar by an orc wizard (7 damage)
             ... with a magic dart
             ... on level 3 of the Dungeon.
             The game lasted 00:07:52 (2400 turns).

croobank the Insei (Human Transmuter)               Turns: 2400, Time: 00:07:53

Health: -3/38      AC:  4    Str: 11    XL:     5   Next: 9%
Magic:  8/8        EV: 12    Int: 15    God:
Gold:   150        SH:  0    Dex: 13    Spells: 5/9 levels left

rFire   . . .      SeeInvis .   c - +1 spear (venom)
rCold   . . .      Faith    .   v - orb {*Rage}
rNeg    . . .      Spirit   .   k - +0 leather armour
rPois   .          Reflect  .   (no helmet)
rElec   .          Harm     .   (no cloak)
rCorr   .          Rampage  .   (no gloves)
Will    .....      Rage     20% t - +0 pair of boots
Stlth   +.........              d - amulet of the acrobat
HPRegen 0.12/turn               (no ring)
MPRegen 0.11/turn               (no ring)

@: brilliant, on berserk cooldown, slowed, very slow
A: no striking features
a: no special abilities


You were on level 3 of the Dungeon.
You visited 1 branch of the dungeon, and saw 3 of its levels.

You collected 150 gold pieces.

Inventory:

Hand Weapons
 c - a +1 spear of venom (weapon)
 i - a +0 dagger
 o - a +0 rapier
 u - a +0 hand axe
Missiles
 l - 61 stones
Armour
 a - a +1 robe
 k - a +0 leather armour (worn)
 t - a +0 pair of boots (worn)
 v - an orb of wrath (worn)
Jewellery
 d - an amulet of the acrobat (around neck)
Scrolls
 e - a scroll of immolation
 j - a scroll of torment
 n - a scroll of enchant armour
 p - 3 scrolls of identify
Potions
 b - a potion of lignification
 f - a potion of mutation
 g - a potion of brilliance
 h - 2 potions of curing {unknown}
 m - 2 potions of flight {unknown}
 q - a potion of resistance {unknown}
 r - a potion of cancellation {unknown}
 s - a potion of haste {unknown}


   Skills:
 + Level 2.1 Fighting
 + Level 0.9 Polearms
 + Level 2.7 Dodging
 - Level 3.3 Unarmed Combat
 + Level 2.6 Spellcasting
 + Level 2.8 Transmutations


You had 5 spell levels left.
You knew the following spells:

 Your Spells              Type           Power      Damage    Failure   Level
a - Beastly Appendage     Tmut           30%        N/A       9%          1
b - Spider Form           Tmut/Pois      9%         N/A       43%         3

Your spell library contained the following spells:

 Spells                   Type           Power      Damage    Failure   Level
 Wereblood                Tmut           15%        N/A       13%         2
 Magic Dart               Conj           8%         1d3       28%         1
 Blink                    Tloc           4%         N/A       38%         2
 Call Imp                 Summ           2%         N/A       38%         2
 Call Canine Familiar     Summ           2%         N/A       63%         3
 Lesser Beckoning         Tloc           2%         N/A       63%         3
 Mephitic Cloud           Conj/Pois/Air  2%         N/A       63%         3
 Portal Projectile        Hex/Tloc       4%         N/A       63%         3
 Ice Form                 Ice/Tmut       9%         N/A       83%         4
 Leda's Liquefaction      Hex/Erth       1%         N/A       95%         4
 Manifold Assault         Tloc           2%         N/A       100%        5


Dungeon Overview and Level Annotations

Branches:
Dungeon (3/15)

Altars:
Nemelex Xobeh


Message History

You are confused.
The orc hits you but does no damage. Something hits you.
You barely miss the orc.
You're too confused to move!
Something hits you.
You hear some strange, mumbled words.
A puff of flame appears from out of thin air!
The puff of flame misses you.
The puff of flame hits something!
Reactivating autopickup.
You feel a bit more experienced. The orc hits you with a +0 hand axe.
You have reached level 5!
Deactivating autopickup; reactivate with Ctrl-A.
You miss something. Something hits you but does no damage.
The orc hits you with a +0 hand axe.
You miss something. Something completely misses you.
The orc closely misses you.
You barely miss something.
You are no longer berserk.
You are exhausted.
You feel yourself slow down. The orc hits you with a +0 hand axe.
Something hits you but does no damage.
You're too confused to attack without stumbling around!
You're too confused to attack without stumbling around!
You're too confused to attack without stumbling around!
You bump into the rock wall.
Something hits you.
* * * LOW HITPOINT WARNING * * *
The orc hits you but does no damage.
You miss the orc.
You feel less confused. Something hits you.
* * * LOW HITPOINT WARNING * * *
The orc misses you. The orc hits you with a +0 hand axe.
* * * LOW HITPOINT WARNING * * *
Something hits you.
* * * LOW HITPOINT WARNING * * *
It was a potion of brilliance.
You feel clever all of a sudden.
You hear some strange, mumbled words.
A magic dart appears from out of thin air!
The magic dart hits you!
You die...

... #..#. #.# .... #..#
#.# .... ##.# #.# ...
#### #.#.##.# ..# ##..#
#.#.##.#
#.###.#.###.#.##.#
#.#)##.......#..#
.#.####.))####..>..#.##.
.......@...........#.##.
.######{o.####.....#.##.
#.#.##.......#.##.
.###.#.......#.##. .#
#........#.##. ..
########.#.##. ..
#.#.##. ### #.#....
#.#####


You could see an orc.

Vanquished Creatures
  2 adders (D:2)
  A worm (D:2)
  A dart slug (D:2)
  6 orcs (D:3)
  4 bats
  5 endoplasms
  5 giant cockroaches
  6 goblins
  4 hobgoblins
  3 jackals
  2 ball pythons
  8 frilled lizards
  2 kobolds
  5 rats
54 creatures vanquished.

Vanquished Creatures (others)
  An orc wizard (D:3)
1 creature vanquished.

Grand Total: 55 creatures vanquished

Notes
Turn   | Place    | Note
-------+----------+-------------------------------------------
     0 | D:1      | croobank the Human Transmuter began the quest for the Orb.
     0 | D:1      | Reached XP level 1. HP: 15/15 MP: 3/3
   251 | D:1      | Reached XP level 2. HP: 21/21 MP: 3/5
   863 | D:2      | Reached XP level 3. HP: 26/26 MP: 4/6
  1043 | D:2      | Found a sparkling altar of Nemelex Xobeh.
  1110 | D:2      | Reached XP level 4. HP: 17/33 MP: 7/7
  1957 | D:2      | Learned a level 3 spell: Spider Form
  2394 | D:3      | Reached XP level 5. HP: 31/38 MP: 8/8
  2400 | D:3      | Killed from afar by an orc wizard

Illustrated notes

Levels and vault maps discovered:
D:1:      dpeg_chamrin_arrival_tetris, layout_basic
D:2:      layout_loops_cross, basic_altar, minmay_between
D:3:      layout_basic, hex_intersection

Skill      XL: |  1  2  3  4 |
---------------+-------------+-----
Fighting       | 2 |  2.1
Polearms       | |  0.9
Dodging        | |  2.7
Unarmed Combat | |  3.3
Spellcasting   | |  2.6
Transmutations | |  2.8

Action                   |  1- 3 |  4- 6 || total
-------------------------+-------+-------++-------
Melee: Spear             |    67 |    63 ||   130
       Kick              |     2 |     9 ||    11
       Headbutt          |     1 |     1 ||     2
       Punch             |     2 |     3 ||     5
 Cast: Beastly Appendage |     8 |    12 ||    20
  Use: Scroll            |       |     5 ||     5
       Potion            |       |     1 ||     1
 Stab: Sleeping          |     3 |       ||     3
Armor: Robe              |     9 |     1 ||    10
       Leather armour    |       |    12 ||    12
Dodge: Dodged            |    31 |    28 ||    59

Table legend: (Time is in decaauts)
 A = Elapsed time spent in this place.
 B = Non-inter-level travel time spent in this place.
 C = Inter-level travel time spent in this place.
 D = Time resting spent in this place.
 E = Time spent auto-exploring this place.
 F = Levels seen in this place.
 G = Mean time per level.
                   A        B        C        D        E       F      G
               +--------+--------+--------+--------+--------+-----+--------+
         Total |   2407 |   2297 |    110 |    354 |   1429 |   3 |  802.3 |
       Dungeon |   2407 |   2297 |    110 |    354 |   1429 |   3 |  802.3 |
               +--------+--------+--------+--------+--------+-----+--------+

Top non-repeatable levels by time:
     D:2: 1261 daAuts
     D:1: 736 daAuts
     D:3: 409 daAuts
